Map: Ever Dream LE

Players

Maru - Winner!

  • Race: Terran Terran
  • Spawn Location: 7:00

AfreecaDRG (DRG)

  • Race: Zerg Zerg
  • Spawn Location: 1:00

Event: War Chest Team League

VOD

Have the link to the VOD?

Description

Time

  • Played on: Aug. 7, 2020, 11:11 a.m.
  • Length: 5:42
Show
View Real Time Build Order
Export as new Build Order

Maru Terran - Winner!

Build Orders: Liberator Opening, Reaper Expand, Hellbat Liberator 

Get SALT Encoding   

  12  0:00  SCV  
  13  0:12  SCV  
  14  0:17  Supply Depot  
  14  0:24  SCV  
  15  0:38  SCV  
  15  0:40  Barracks  
  16  0:44  Refinery  
  16  0:50  SCV  
  17  1:03  SCV  
  18  1:15  SCV  
  19  1:26  Reaper  
  19  1:27  Orbital Command  
  20  1:39  Command Center  
  20  1:50  Supply Depot  
  20  1:52  SCV  
  21  1:58  Marine  
  22  2:04  SCV  
  22  2:07  Factory  
  23  2:16  SCV, Refinery  
  23  2:21  Barracks Reactor  
  24  2:28  SCV  
  25  2:40  SCV  
  26  2:51  Orbital Command  
  26  2:52  Starport  
  26  2:53  SCV  
  27  3:01  Hellion  
  27  3:02  Hellion  
  27  3:03  Marine  
  32  3:06  SCV  
  33  3:15  Supply Depot  
  33  3:19  Armory  
  33  3:23  Hellion x2  
  33  3:25  Marine  
  38  3:29  Medivac  
  38  3:30  SCV  
  38  3:32  SCV  
  42  3:39  Supply Depot  
  42  3:43  Marine  
  42  3:46  Hellion x2  
  47  3:49  SCV  
  47  3:51  SCV  
  49  3:59  Liberator  
  52  4:04  SCV x2  
  52  4:06  Supply Depot  
  52  4:08  Hellion  
  56  4:11  Hellion  
  56  4:16  SCV x2  
  60  4:29  Barracks Tech Lab  
  60  4:30  Hellion  
  62  4:32  SCV  
  62  4:33  Hellion  
  62  4:35  SCV  
  66  4:44  SCV  
  67  4:51  Hellion  
  64  4:53  SCV  
  64  4:54  Hellion, Command Center  
  64  4:56  SCV  
  63  5:05  SCV  
  60  5:08  SCV  
  60  5:11  Marine  
  60  5:12  Starport Reactor  
  62  5:17  SCV  
  62  5:20  SCV  
  62  5:25  Barracks  
  62  5:27  Engineering Bay x2  
  62  5:28  Barracks  
  61  5:29  SCV  
Show
View Real Time Build Order
Export as new Build Order

AfreecaDRG Zerg 

Build Orders: Hatch First 

Get SALT Encoding   

  12  0:00  Drone  
  13  0:12  Overlord  
  13  0:17  Drone  
  14  0:30  Drone x2  
  16  0:48  Hatchery  
  15  0:51  Drone  
  15  0:54  Drone  
  17  0:58  Drone  
  18  1:09  Extractor  
  17  1:13  Spawning Pool  
  17  1:15  Drone  
  17  1:19  Drone  
  18  1:27  Drone  
  19  1:38  Drone  
  20  1:48  Overlord  
  20  2:00  Zergling x2, Queen x2  
  20  2:01  Zergling x2  
  26  2:09  Metabolic Boost  
  26  2:11  Drone x2  
  28  2:21  Drone x2  
  30  2:32  Drone  
  30  2:36  Drone  
  31  2:42  Hatchery  
  30  2:47  Queen  
  32  2:52  Overlord  
  32  2:54  Drone  
  32  2:57  Drone  
  34  3:00  Pneumatized Carapace  
  34  3:04  Drone  
  35  3:11  Drone x3  
  38  3:14  Drone  
  38  3:15  Drone  
  38  3:18  Overlord  
  40  3:20  Drone  
  40  3:26  Queen  
  43  3:37  Drone x3  
  46  3:43  Zergling x4  
  46  3:44  Overlord  
  46  3:47  Drone  
  49  3:52  Overlord  
  49  3:54  Drone x4  
  49  3:55  Overlord  
  53  3:59  Queen  
  55  4:04  Queen  
  57  4:10  Queen  
  57  4:12  Spine Crawler  
  57  4:15  Zergling x2  
  59  4:19  Zergling x6  
  59  4:22  Zergling x2  
  59  4:23  Zergling x2  
  64  4:25  Zergling x4  
  64  4:27  Zergling x2  
  64  4:30  Zergling x4  
  69  4:34  Spine Crawler  
  69  4:36  Zergling x10  
  73  4:41  Queen  
  73  4:43  Zergling x2  
  67  4:48  Zergling x4, Queen  
  67  4:51  Zergling x2  
  61  4:55  Zergling x2  
  61  4:56  Zergling x2  
  61  4:59  Zergling x2  
  55  5:06  Zergling x2  
  54  5:09  Spore Crawler x2  
  54  5:12  Zergling x2  
  48  5:16  Zergling x2  
  48  5:17  Zergling x2  
  38  5:21  Zergling x2  
  40  5:29  Drone  
Tags
 
Add a new tag
Caveats
  • Supply blocks, unpowered buildings, or Contaminate may cause inaccurate times.
  • Supply counts are checked every 10 seconds.